 Dungeon Crawl Stone Soup version 0.27.1 (webtiles) character file.

Game seed: 14203495542133399745

91 MajorAdolf the Magician (level 4, 0/38 HPs)
             Began as a Naga Wanderer on Sept 3, 2021.
             Slain by a bullfrog skeleton (3 damage)
             ... on level 3 of the Dungeon.
             The game lasted 00:04:36 (3504 turns).

MajorAdolf the Magician (Naga Wanderer)             Turns: 3504, Time: 00:04:37

Health: 0/38       AC:  2    Str: 15    XL:     4   Next: 59%
Magic:  10/10      EV:  8    Int: 13    God:
Gold:   69         SH:  3    Dex: 10    Spells: 7/11 levels left

rFire    . . .     SeeInvis +   d - +0 hunting sling
rCold    . . .     Faith    .   m - +0 buckler
rNeg     . . .     Spirit   .   b - +0 robe
rPois    +         Reflect  .   (no helmet)
rElec    .         Harm     .   (no cloak)
rCorr    .         Rampage  .   (no gloves)
Will     .....                  (no barding)
Stlth    ++........             (no amulet)
HPRegen  0.12/turn              (no ring)
MPRegen  0.12/turn              (no ring)

@: very slow
A: AC +1, large, see invisible, deformed body, poison resistance, slowness 2,
spit poison 1, naga tail 1
a: Spit Poison


You were on level 3 of the Dungeon.
You visited 1 branch of the dungeon, and saw 3 of its levels.

You collected 69 gold pieces.

Inventory:

Hand Weapons
 a - a +0 club
 d - a +0 hunting sling (weapon)
 p - a +2 vorpal hunting sling
Missiles
 q - 16 stones (quivered ammo)
Armour
 b - a +0 robe (worn)
 m - a +0 buckler (worn)
Magical Staves
 h - a staff of conjuration
Scrolls
 c - 2 scrolls of teleportation
 e - a scroll of amnesia {unknown}
 f - a scroll of acquirement {unknown}
 i - a scroll of fog {unknown}
 n - a scroll of enchant weapon {unknown}
 o - a scroll of enchant armour {unknown}
 r - a scroll of identify {unknown}
Potions
 g - a potion of invisibility {unknown}
 j - 2 potions of might {unknown}
 k - 2 potions of curing {unknown}
 l - 2 potions of mutation {unknown}


   Skills:
 - Level 1.0 Fighting
 - Level 1.0 Throwing
 - Level 1.5 Armour
 - Level 1.5 Stealth
 + Level 0.4 Shields
 - Level 4.0 Spellcasting
 + Level 3.0 Ice Magic
 - Level 1.0 Air Magic


You had 7 spell levels left.
You knew the following spells:

 Your Spells              Type           Power      Damage    Failure   Level
a - Freeze                Ice            40%        1d6       9%          1
b - Frozen Ramparts       Ice            20%        1d4       26%         3

Your spell library contained the following spells:

 Spells                   Type           Power      Damage    Failure   Level
 Ozocubu's Armour         Ice            10%        N/A       26%         3
 Hailstorm                Conj/Ice       6%         3d4       86%         4


Dungeon Overview and Level Annotations

Branches:
Dungeon (3/15)

Altars:


Innate Abilities, Weirdness & Mutations

Your serpentine skin is tough. (AC +1)
You have supernaturally acute eyesight. (SInv)
Armour fits poorly on your strangely shaped body.
Your system is resistant to poisons. (rPois)
You cover ground very slowly.
You can spit poison.
You have a snake-like lower body.


Message History

The bullfrog skeleton hits you.
You are too injured to fight recklessly!
Okay, then.
You are too injured to fight recklessly!
You are too injured to fight recklessly!
You are too injured to fight recklessly!
Casting: Freeze (safe; 9% risk of failure)
Confirm with . or Enter, or press ? or * to list all spells.
Aiming: Freeze (safe; 9% risk of failure)
Press: ? - help, Shift-Dir - straight line, f/p - bullfrog skeleton
Aim: a bullfrog skeleton (moderately damaged)
You freeze the bullfrog skeleton but do no damage.
The bullfrog skeleton completely resists.
The bullfrog skeleton closely misses you.
The bullfrog skeleton barely misses you.
Casting: Freeze (safe; 9% risk of failure)
Confirm with . or Enter, or press ? or * to list all spells.
Aiming: Freeze (safe; 9% risk of failure)
Press: ? - help, Shift-Dir - straight line, f/p - bullfrog skeleton
Aim: a bullfrog skeleton (moderately damaged)
You freeze the bullfrog skeleton.
The bullfrog skeleton resists.
The bullfrog skeleton is moderately damaged.
The bullfrog skeleton closely misses you.
Unknown command.
Okay, then.
The bullfrog skeleton hits you. The bullfrog skeleton hits you.
There is a stone staircase leading down here.
The bullfrog skeleton barely misses you.
The bullfrog skeleton misses you. The bullfrog skeleton hits you.
* * * LOW HITPOINT WARNING * * *
The bullfrog skeleton hits you.
* * * LOW HITPOINT WARNING * * *
The bullfrog skeleton hits you.
* * * LOW HITPOINT WARNING * * *
The bullfrog skeleton barely misses you.
Okay, then.
The bullfrog skeleton hits you.
You die...

#.#### #.# ##.##
##...# #####
##.#.##
#...###.####
#......##
#...##.<####
##.###.#@#.#
##.###.##Z.#
###.#.##.###.#
#. #..###...#
#.### ...
#.#.#.######.#.#
.... #.##.##
#...#.# .....
#....#
#.#.#.####.....(
#..###
#.#.#.##(((....(
#..#
#.#..>..#.......


You could see a bullfrog skeleton.

Vanquished Creatures
  Jessica (D:2)
  An adder (D:1)
  2 worms (D:2)
  4 dart slugs
  3 endoplasms
  2 giant cockroaches (D:1)
  4 goblins
  6 hobgoblins (D:1)
  4 jackals (D:1)
  4 ball pythons
  4 bats (D:1)
  2 frilled lizards
  2 kobolds
  3 rats
  A spectral goblin (D:2)
43 creatures vanquished.

Notes
Turn   | Place    | Note
-------+----------+-------------------------------------------
     0 | D:1      | MajorAdolf the Naga Wanderer began the quest for the Orb.
     0 | D:1      | MajorAdolf set off with the following items: a +0 club, a
                  | +0 robe, a scroll of teleportation; and the following spell
                  | memorised: Freeze; and the following spells available to
                  | memorise: Frozen Ramparts, Ozocubu's Armour, Hailstorm
     0 | D:1      | Reached XP level 1. HP: 18/18 MP: 4/4
   278 | D:1      | Reached XP level 2. HP: 19/25 MP: 6/6
  1259 | D:1      | Reached XP level 3. HP: 31/31 MP: 6/8
  2386 | D:2      | Found a faded altar of an unknown god.
  2448 | D:2      | Noticed Jessica
  2453 | D:2      | Killed Jessica
  2454 | D:2      | Reached skill level 4 in Spellcasting
  2454 | D:2      | Reached XP level 4. HP: 38/38 MP: 6/10
  2488 | D:2      | Learned a level 3 spell: Frozen Ramparts
  3504 | D:3      | Slain by a bullfrog skeleton

Illustrated notes

Levels and vault maps discovered:
D:1:      wheals_arrival_linesprint, layout_basic,
          chequers_serial_rivers_micro_c
D:2:      layout_rooms, dreamdust_ecumenical_altar_drowned_temple, uniq_jessica
D:3:      layout_loops_ring, amcnicky_altar_gilded,
          chequers_temple_overflow_minitemple, minmay_puff

Skill      XL: |  1  2  3  4 |
---------------+-------------+-----
Ice Magic      | 2 3 |  3.0
Spellcasting   | 4 |  4.0
Fighting       | |  1.0
Throwing       | |  1.0
Armour         | |  1.5
Stealth        | |  1.5
Shields        | |  0.4
Air Magic      | |  1.0

Action                   |  1- 3 |  4- 6 || total
-------------------------+-------+-------++-------
Melee: Club              |    12 |     3 ||    15
 Fire: Hunting sling     |       |    13 ||    13
 Cast: Freeze            |    49 |    18 ||    67
 Abil: Spit Poison       |    16 |     5 ||    21
Armor: Robe              |    15 |     4 ||    19
Dodge: Dodged            |    42 |     8 ||    50
Block: Buckler           |       |     2 ||     2
